 Dungeon Crawl Stone Soup version 0.29.0-4-gdea44cf6ec (webtiles) character file.

Game seed: 1385903880229564204

25079 qw the Severer (level 13, -7/126 HPs)
             Began as a Gargoyle Berserker on Sept 4, 2022.
             Was a Priest of Trog.
             Mangled by a swamp worm (14 damage)
             ... on level 3 of the Lair of Beasts.
             The game lasted 00:04:13 (14276 turns).

qw the Severer (Gargoyle Berserker)                Turns: 14276, Time: 00:04:13

Health: -7/126     AC: 27    Str: 32    XL:     13   Next: 17%
Magic:  13/13      EV: 10    Int: 13    God:    Trog [***...]
Gold:   557        SH:  5    Dex: 15    Spells: 12/12 levels left

rFire   . . .      SeeInvis .   t - +0 morningstar
rCold   . . .      Faith    .   (no shield)
rNeg    + . .      Spirit   .   i - +0 plate armour
rPois   inf        Reflect  +   a - +0 helmet
rElec   +          Harm     .   (no cloak)
rCorr   .          Rampage  .   (no gloves)
Will    .....                   j - +0 pair of boots "Zoyrudgh" {rElec rPois Int+4 Dex+2}
Stlth   ..........              s - amulet of reflection
HPRegen 0.31/turn               q - ring of Biobann {Fly Str+3}
MPRegen 0.13/turn               v - +6 ring of strength

@: berserking, flying, very quick
A: sickness immunity, AC +9, negative energy resistance 1, electricity
resistance, torment resistance 1, petrification resistance, agile 1, screaming 1
a: Renounce Religion, Berserk, Trog's Hand


You were on level 3 of the Lair of Beasts.
You worshipped Trog.
Trog was most pleased with you.
You visited 2 branches of the dungeon, and saw 11 of its levels.

You collected 557 gold pieces.


Innate Abilities, Weirdness & Mutations

You are immune to sickness and miasma.
Your stone body is resilient. (AC +9)
You are immune to poison.
You resist negative energy. (rN+)
You are resistant to electric shocks. (rElec)
You are resistant to unholy torment.
You are immune to petrification.
You are agile. (Dex +4, Str/Int -1)
You occasionally shout uncontrollably at your foes.


   Skills:
 - Level 11.0 Fighting
 - Level 15.1 Axes
 + Level 4.6 Throwing
 - Level 10.0 Armour
 - Level 4.2 Dodging


You had 12 spell levels left.
You didn't know any spells.
Your spell library was empty.

Inventory:

Hand Weapons
 t - a +0 morningstar (weapon)
 Y - a +3 war axe of chaos
Missiles
 e - 2 boomerangs
 l - 6 javelins (quivered)
Armour
 a - a +0 helmet (worn)
 i - a +0 plate armour (worn)
 j - the +0 pair of boots "Zoyrudgh" (worn) {rElec rPois Int+4 Dex+2}
   (You found it on level 2 of the Dungeon)

   Int:       It affects your intelligence (+4).
   Dex:       It affects your dexterity (+2).
   rElec:     It insulates you from electricity.
   rPois:     It protects you from poison.
Jewellery
 q - the ring of Biobann (left hand) {Fly Str+3}
   (You found it on level 3 of the Dungeon)

   [ring of flight]

   Str:       It affects your strength (+3).
   Fly:       It grants you flight.
 s - an amulet of reflection (around neck)
 v - a +6 ring of strength (right hand)
Scrolls
 f - 3 scrolls of identify
 r - a scroll of teleportation
Potions
 b - a potion of flight {unknown}
 c - 2 potions of resistance
 d - 3 potions of cancellation
 g - a potion of degeneration {unknown}
 h - a potion of haste {unknown}
 m - a potion of mutation
 n - 2 potions of heal wounds
 o - 4 potions of curing
 p - a potion of lignification {unknown}
 w - a potion of might {unknown}

Dungeon Overview and Level Annotations

Branches:
Dungeon (8/15)             Temple (0/1) D:5            Lair (3/5) D:8
  Snake (0/4) Lair:2
  Swamp: Lair:2-3    Shoals: Lair:2-3

Altars:
Ashenzari
Fedhas
Hepliaklqana
Qazlal
Ru
Uskayaw
Wu Jian
Zin
The Shining One

Annotations:
D:8 3 runed translucent doors, qw's ghost, novice TrCA
Lair:1 3 runed translucent doors, qw's ghost, journeyman TrCA


Message History

A swamp worm, an iguana and a six-headed hydra come into view.
You yell at the swamp worm!
The six-headed hydra roars!
You hear a roar!
The six-headed hydra moves out of view.
The swamp worm fires a harpoon shot at you.
The harpoon shot misses you.
14270 ||| SWAPPING to +0 morningstar.
t - a +0 morningstar (weapon)
The swamp worm fires a harpoon shot at you.
The harpoon shot hits you!!
You are yanked forward by the harpoon shot.
14271 ||| INVOKING Berserk.
A red film seems to cover your vision as you go berserk!
You feel yourself moving faster!
You feel mighty! The swamp worm bites you!
You thump the six-headed hydra!
The six-headed hydra is lightly wounded.
The six-headed hydra bites you. x2; The six-headed hydra barely misses you.
The six-headed hydra bites you but does no damage. x2
The six-headed hydra bites you. The swamp worm bites you!
You puncture the six-headed hydra!
The six-headed hydra is moderately wounded.
The six-headed hydra bites you! x2
The six-headed hydra closely misses you.
The six-headed hydra bites you but does no damage.
The six-headed hydra bites you!
The six-headed hydra bites you but does no damage.
You bludgeon the six-headed hydra!!
The six-headed hydra is heavily wounded.
The swamp worm bites you.
You bludgeon the six-headed hydra!!
The six-headed hydra is almost dead.
The swamp worm bites you but does no damage.
The six-headed hydra bites you! x2; The six-headed hydra barely misses you.
You block the six-headed hydra's attack.
The six-headed hydra bites you. x2
You barely miss the six-headed hydra.
The six-headed hydra is almost dead.
The swamp worm bites you!
You die... 7777

~~~77
~~~~7
~~~~7 ¤
~~~~7¤7
l~~~.¤7 7
#77w~~...7
7
#.@D~~..7
7
##..w~7.77
77 #..7.77
7. ##.777
7. ##.77
777777#.
#..P#
#......#
##.###
#..###..
#...###
#..####.
#|....#
##.#.#P.


You could see a six-headed hydra, 2 swamp worms and an iguana.

Vanquished Creatures
  6 hydras
  A boulder beetle (Lair:2)
  2 death yaks (Lair:3)
  4 elephants (Lair:1)
  A torpor snail (Lair:3)
  3 cane toads
  A rime drake (Lair:3)
  7 komodo dragons
  A troll (D:8)
  3 polar bears
  9 blink frogs (Lair:2)
  A wyvern (Lair:2)
  38 yaks
  A steam dragon (D:8)
  3 basilisks
  Menkaure (D:6)
  2 acid dragons
  19 water moccasins
  A sky beast (D:6)
  2 ice beasts (D:6)
  2 black bears
  11 wolves
  2 ogres
  2 phantoms
  6 bullfrogs
  2 necrophages (D:6)
  A scorpion (D:5)
  A wight (D:6)
  6 killer bees (D:8)
  2 electric eels (D:8)
  2 jellies (D:6)
  A gnoll bouda (D:6)
  2 orc priests
  10 hounds
  3 iguanas
  Natasha (thrice) (D:3)
  3 orc wizards
  9 gnolls
  12 adders
  2 shadow imps (D:6)
  2 ufetubi
  A worm (D:2)
  A dart slug (D:4)
  9 orcs
  6 ball pythons
  3 endoplasms
  3 giant cockroaches
  6 goblins
  12 hobgoblins
  11 jackals
  5 quokkas
  6 bats
  2 frilled lizards (D:3)
  5 kobolds
  4 rats
264 creatures vanquished.

Vanquished Creatures (collateral kills)
  A hydra (Lair:2)
1 creature vanquished.

Vanquished Creatures (others)
  32 fungi
  34 plants
66 creatures vanquished.

Grand Total: 331 creatures vanquished

Notes
Turn   | Place    | Note
-------+----------+-------------------------------------------
     0 | D:1      | qw the Gargoyle Berserker began the quest for the Orb.
     0 | D:1      | Reached XP level 1. HP: 14/14 MP: 1/1
     0 | D:1      | 0 ||| qw: Version: 0.1-a-103-gd6f5d3a
     0 | D:1      | 0 ||| qw: Game counter: 5726
     0 | D:1      | 0 ||| qw: Always use a shield: true
     0 | D:1      | 0 ||| qw: Do Orc after D:15 true
     0 | D:1      | 0 ||| qw: Do second Lair branch before Depths: true
     0 | D:1      | 0 ||| qw: Lair rune preference: random
     0 | D:1      | 0 ||| qw: Plans: Normal
     0 | D:1      | 0 ||| PLANNING D:1-11
    59 | D:1      | Reached skill level 3 in Axes
    61 | D:1      | Reached XP level 2. HP: 18/19 MP: 2/2
    66 | D:1      | 66 ||| Stepping ~*~*~tactically~*~*~ (stealth).
   109 | D:1      | 109 ||| Stepping ~*~*~tactically~*~*~ (stealth).
   110 | D:1      | 110 ||| Stepping ~*~*~tactically~*~*~ (stealth).
   169 | D:1      | 169 ||| Stepping ~*~*~tactically~*~*~ (stealth).
   173 | D:1      | 173 ||| Stepping ~*~*~tactically~*~*~ (stealth).
   174 | D:1      | 174 ||| Stepping ~*~*~tactically~*~*~ (stealth).
   176 | D:1      | 176 ||| Stepping ~*~*~tactically~*~*~ (stealth).
   177 | D:1      | 177 ||| Stepping ~*~*~tactically~*~*~ (stealth).
   180 | D:1      | 180 ||| Stepping ~*~*~tactically~*~*~ (stealth).
   189 | D:1      | 189 ||| INVOKING Berserk.
   421 | D:1      | Found a faded altar of an unknown god.
  1061 | D:1      | Reached XP level 3. HP: 23/23 MP: 3/3
  1226 | D:1      | 1226 ||| DROPPING amulet of magic regeneration.
  1227 | D:1      | 1227 ||| READING 2 scrolls labelled HAEXTOUPTE.
  1230 | D:1      | 1230 ||| READING 2 scrolls labelled JOJELISOHI.
  1231 | D:1      | 1231 ||| READING scroll labelled FESOTU SE ZYU.
  1232 | D:1      | 1232 ||| READING scroll labelled GAPSIM LUGRO.
  1233 | D:1      | 1233 ||| READING scroll labelled PASEURIRAD.
  1342 | D:2      | 1342 ||| INVOKING Berserk.
  1586 | D:2      | 1586 ||| DROPPING +0 club.
  1609 | D:2      | Reached skill level 4 in Axes
  1621 | D:2      | Found a stormy altar of Qazlal.
  1633 | D:2      | Identified the +0 pair of boots "Zoyrudgh" {rElec rPois
                  | Int+4 Dex+2}
  1738 | D:2      | 1738 ||| SWAPPING to +0 war axe.
  1739 | D:2      | 1739 ||| DROPPING +0 hand axe of venom.
  2157 | D:2      | 2157 ||| UPGRADING to +0 pair of boots "Zoyrudgh" {rElec
                  | rPois Int+4 Dex+2}.
  2162 | D:2      | 2162 ||| READING 2 scrolls labelled HOUNU EFUTY.
  2163 | D:2      | 2163 ||| READING scroll labelled RIETHR SAUQIBO.
  2164 | D:2      | 2164 ||| DRINKING 2 fuming black potions.
  2165 | D:2      | 2165 ||| DROPPING scroll of vulnerability.
  2214 | D:3      | 2214 ||| STAIRDANCE
  2217 | D:2      | Reached ** piety under Trog
  2251 | D:3      | Noticed Natasha
  2255 | D:3      | 2255 ||| INVOKING Berserk.
  2262 | D:3      | Killed Natasha
  2263 | D:3      | Reached XP level 4. HP: 28/28 MP: 4/4
  2326 | D:3      | Identified the +9 spear of Accord {flame, rElec rN+}
  2336 | D:3      | 2336 ||| Stepping ~*~*~tactically~*~*~ (stealth).
  2357 | D:3      | Noticed Natasha
  2358 | D:3      | 2358 ||| Stepping ~*~*~tactically~*~*~ (hiding).
  2359 | D:3      | 2359 ||| Stepping ~*~*~tactically~*~*~ (hiding).
  2363 | D:3      | 2363 ||| INVOKING Berserk.
  2368 | D:3      | Killed Natasha
  2577 | D:3      | 2577 ||| Stepping ~*~*~tactically~*~*~ (stealth).
  2578 | D:3      | 2578 ||| Stepping ~*~*~tactically~*~*~ (stealth).
  2624 | D:3      | Reached skill level 5 in Axes
  2741 | D:3      | Found a glowing silver altar of Zin.
  2778 | D:3      | Reached XP level 5. HP: 32/32 MP: 5/5
  2862 | D:3      | Noticed Natasha
  2886 | D:3      | 2886 ||| INVOKING Berserk.
  2888 | D:3      | Killed Natasha
  3090 | D:3      | Identified the ring of Biobann {Fly Str+3}
  3133 | D:3      | 3133 ||| Stepping ~*~*~tactically~*~*~ (stealth).
  3142 | D:3      | Found an ornate altar of the Wu Jian Council.
  3291 | D:3      | 3291 ||| UPGRADING to +0 chain mail.
  3301 | D:3      | 3301 ||| DROPPING +0 animal skin.
  3302 | D:3      | 3302 ||| UPGRADING to amulet of guardian spirit.
  3307 | D:3      | 3307 ||| UPGRADING to ring of Biobann {Fly Str+3}.
  3308 | D:3      | 3308 ||| READING scroll labelled ACISETZICI.
  3309 | D:3      | 3309 ||| READING scroll labelled YXAGAR QICIS.
  3310 | D:3      | 3310 ||| DRINKING 2 metallic golden potions.
  3310 | D:3      | Gained mutation: You are agile. (Dex +4, Str/Int -1)
                  | [potion of mutation]
  3310 | D:3      | Gained mutation: You occasionally shout uncontrollably at
                  | your foes. [potion of mutation]
  3311 | D:3      | 3311 ||| READING 2 scrolls of identify.
  3311 | D:3      | 3311 ||| IDENTIFYING grey potion
  3343 | D:4      | 3343 ||| STAIRDANCE
  3348 | D:4      | 3348 ||| STAIRDANCE
  3375 | D:4      | 3375 ||| STAIRDANCE
  3448 | D:4      | 3448 ||| Stepping ~*~*~tactically~*~*~ (hiding).
  3451 | D:4      | 3451 ||| INVOKING Berserk.
  3519 | D:4      | 3519 ||| DROPPING +0 whip.
  3571 | D:4      | Noticed a phantom
  3579 | D:4      | 3579 ||| Stepping ~*~*~tactically~*~*~ (stealth).
  3587 | D:4      | Killed a phantom
  3588 | D:4      | Reached XP level 6. HP: 23/38 MP: 4/6
  3721 | D:4      | Reached skill level 6 in Axes
  3808 | D:4      | 3808 ||| DROPPING +0 flail.
  3877 | D:4      | 3877 ||| Stepping ~*~*~tactically~*~*~ (hiding).
  3963 | D:4      | 3963 ||| INVOKING Berserk.
  4128 | D:4      | 4128 ||| Stepping ~*~*~tactically~*~*~ (stealth).
  4191 | D:4      | Reached skill level 3 in Armour
  4266 | D:4      | Reached skill level 1 in Throwing
  4403 | D:4      | Found a hazy altar of Hepliaklqana.
  4501 | D:4      | 4501 ||| UPGRADING to +0 plate armour.
  4511 | D:4      | 4511 ||| DROPPING +0 chain mail.
  4551 | D:5      | Entered Level 5 of the Dungeon
  4562 | D:5      | Reached XP level 7. HP: 43/43 MP: 7/7
  4617 | D:5      | 4617 ||| INVOKING Berserk.
  4859 | D:5      | Found a staircase to the Ecumenical Temple.
  5357 | D:5      | 5357 ||| UPGRADING to +6 ring of strength.
  5358 | D:5      | 5358 ||| READING scroll labelled WIHIUK HOEGEOJ.
  5359 | D:5      | 5359 ||| READING scroll labelled HUOPPE EGUN.
  5360 | D:5      | 5360 ||| DRINKING 2 puce potions.
  5465 | D:5      | 5465 ||| DROPPING potion of berserk rage.
  5482 | D:6      | 5482 ||| STAIRDANCE
  5484 | D:5      | 5484 ||| INVOKING Berserk.
  5673 | D:6      | 5673 ||| Stepping ~*~*~tactically~*~*~ (hiding).
  5674 | D:6      | 5674 ||| Stepping ~*~*~tactically~*~*~ (hiding).
  5790 | D:6      | Reached skill level 7 in Axes
  5790 | D:6      | Reached *** piety under Trog
  5805 | D:6      | Found a blossoming altar of Fedhas.
  5854 | D:6      | Reached XP level 8. HP: 50/50 MP: 8/8
  5861 | D:6      | 5861 ||| INVOKING Berserk.
  6039 | D:6      | Noticed Menkaure
  6040 | D:6      | 6040 ||| Stepping ~*~*~tactically~*~*~ (hiding).
  6042 | D:6      | 6042 ||| Stepping ~*~*~tactically~*~*~ (hiding).
  6046 | D:6      | 6046 ||| INVOKING Berserk.
  6048 | D:6      | Killed Menkaure
  6163 | D:6      | 6163 ||| Stepping ~*~*~tactically~*~*~ (hiding).
  6165 | D:6      | 6165 ||| Stepping ~*~*~tactically~*~*~ (hiding).
  6167 | D:6      | 6167 ||| Stepping ~*~*~tactically~*~*~ (hiding).
  6215 | D:6      | Found a glowing golden altar of the Shining One.
  6538 | D:6      | 6538 ||| Stepping ~*~*~tactically~*~*~ (hiding).
  6541 | D:6      | 6541 ||| INVOKING Berserk.
  6560 | D:6      | 6560 ||| Stepping ~*~*~tactically~*~*~ (stealth).
  6618 | D:6      | 6618 ||| Stepping ~*~*~tactically~*~*~ (stealth).
  6625 | D:6      | 6625 ||| Stepping ~*~*~tactically~*~*~ (stealth).
  6674 | D:6      | Reached skill level 8 in Axes
  6675 | D:6      | 6675 ||| INVOKING Berserk.
  6677 | D:6      | Reached skill level 6 in Fighting
  6700 | D:6      | Reached XP level 9. HP: 45/55 MP: 9/9
  6822 | D:6      | 6822 ||| UPGRADING to amulet of reflection.
  6832 | D:6      | 6832 ||| DROPPING amulet of guardian spirit.
  6833 | D:6      | 6833 ||| READING scroll labelled COWNAC XEUSAD.
  6834 | D:6      | 6834 ||| DRINKING 2 emerald potions.
  6835 | D:6      | 6835 ||| DRINKING 2 pink potions.
  6836 | D:6      | 6836 ||| DROPPING potion of attraction.
  6853 | D:7      | 6853 ||| STAIRDANCE
  6970 | D:7      | Found a broken altar of Ashenzari.
  6981 | D:7      | 6981 ||| Stepping ~*~*~tactically~*~*~ (stealth).
  6997 | D:7      | 6997 ||| Stepping ~*~*~tactically~*~*~ (stealth).
  6998 | D:7      | 6998 ||| INVOKING Berserk.
  7177 | D:7      | 7177 ||| READING scroll labelled COALE ORRER.
  7178 | D:7      | 7178 ||| READING 2 scrolls of teleportation.
  7190 | D:7      | 7190 ||| INVOKING Berserk.
  7194 | D:7      | HP: 19/82 [acid dragon (2)]
  7196 | D:7      | Reached skill level 9 in Axes
  7218 | D:7      | HP: 12/55 [water moccasin (5)]
  7219 | D:7      | 7219 ||| READING scroll of teleportation.
  7449 | D:7      | 7449 ||| Stepping ~*~*~tactically~*~*~ (stealth).
  7512 | D:7      | Found a sacrificial altar of Ru.
  7635 | D:7      | 7635 ||| Stepping ~*~*~tactically~*~*~ (stealth).
  8012 | D:7      | 8012 ||| READING 2 scrolls of identify.
  8012 | D:7      | 8012 ||| IDENTIFYING amethyst potion
  8013 | D:7      | 8013 ||| DROPPING potion of brilliance.
  8058 | D:8      | Found a staircase to the Lair.
  8058 | D:8      | Noticed a troll
  8063 | D:8      | 8063 ||| INVOKING Berserk.
  8069 | D:8      | Killed a troll
  8077 | D:8      | Reached skill level 10 in Axes
  8258 | D:8      | Found a runed translucent gate.
  8258 | D:8      | Found a runed translucent gate.
  8259 | D:8      | Found a runed translucent gate.
  8259 | D:8      | Noticed a ten-headed hydra
  8260 | D:8      | Noticed qw's ghost (novice TrCA)
  8274 | D:8      | 8274 ||| INVOKING Berserk.
  8286 | D:8      | HP: 21/85 [orc priest/divine providence (13)]
  8287 | D:8      | Reached skill level 6 in Armour
  8292 | D:8      | HP: 6/57 [killer bee (4)]
  8303 | D:8      | Reached XP level 10. HP: 6/64 MP: 10/10
  8843 | D:8      | 8843 ||| READING 2 scrolls labelled OCEWNU PIOFOE.
  8844 | D:8      | 8844 ||| PLANNING LAIR
  8844 | D:8      | 8844 ||| DRINKING 3 silvery potions.
  8845 | D:8      | 8845 ||| DRINKING 2 fizzy sapphire potions.
  8846 | D:8      | 8846 ||| READING 2 scrolls of identify.
  8846 | D:8      | 8846 ||| IDENTIFYING bubbling orange potion
  8847 | D:8      | 8847 ||| DROPPING scroll of amnesia.
  8848 | D:8      | 8848 ||| DROPPING potion of ambrosia.
  8849 | D:8      | 8849 ||| DROPPING 2 potions of magic.
  8877 | Lair:1   | Entered Level 1 of the Lair of Beasts
  8905 | Lair:1   | Reached **** piety under Trog
  8906 | Lair:1   | Reached skill level 11 in Axes
  8912 | Lair:1   | 8912 ||| INVOKING Berserk.
  8916 | Lair:1   | Reached skill level 3 in Dodging
  9151 | Lair:1   | 9151 ||| Stepping ~*~*~tactically~*~*~ (hiding).
  9156 | Lair:1   | 9156 ||| INVOKING Berserk.
  9159 | Lair:1   | Reached skill level 3 in Throwing
  9193 | Lair:1   | Noticed a cane toad
  9194 | Lair:1   | 9194 ||| Stepping ~*~*~tactically~*~*~ (stealth).
  9212 | Lair:1   | 9212 ||| Stepping ~*~*~tactically~*~*~ (stealth).
  9214 | Lair:1   | 9214 ||| INVOKING Berserk.
  9218 | Lair:1   | Killed a cane toad
  9378 | Lair:1   | 9378 ||| INVOKING Berserk.
  9385 | Lair:1   | Reached skill level 9 in Fighting
  9533 | Lair:1   | Reached XP level 11. HP: 71/71 MP: 11/11
  9554 | Lair:1   | 9554 ||| INVOKING Berserk.
  9600 | Lair:1   | 9600 ||| Stepping ~*~*~tactically~*~*~ (stealth).
  9601 | Lair:1   | 9601 ||| Stepping ~*~*~tactically~*~*~ (stealth).
  9602 | Lair:1   | 9602 ||| Stepping ~*~*~tactically~*~*~ (stealth).
  9605 | Lair:1   | 9605 ||| Stepping ~*~*~tactically~*~*~ (stealth).
  9628 | Lair:1   | Reached skill level 12 in Axes
  9629 | Lair:1   | 9629 ||| Stepping ~*~*~tactically~*~*~ (stealth).
  9633 | Lair:1   | 9633 ||| INVOKING Berserk.
  9865 | Lair:1   | 9865 ||| INVOKING Berserk.
 10000 | Lair:1   | Found a runed translucent gate.
 10001 | Lair:1   | Found a runed translucent gate.
 10002 | Lair:1   | 10002 ||| Stepping ~*~*~tactically~*~*~ (stealth).
 10014 | Lair:1   | Noticed qw's ghost (journeyman TrCA)
 10024 | Lair:1   | 10024 ||| INVOKING Berserk.
 10230 | Lair:1   | Found a runed translucent gate.
 10726 | Lair:1   | 10726 ||| READING scroll labelled SYSEUX DUUTORI.
 10792 | Lair:1   | 10792 ||| READING 2 scrolls of identify.
 10792 | Lair:1   | 10792 ||| IDENTIFYING sedimented dark potion
 10793 | Lair:1   | 10793 ||| DROPPING potion of invisibility.
 10825 | Lair:2   | 10825 ||| INVOKING Berserk.
 10965 | Lair:2   | Noticed a seven-headed hydra
 10966 | Lair:2   | 10966 ||| INVOKING Brothers in Arms.
 10967 | Lair:2   | 10967 ||| INVOKING Brothers in Arms.
 10969 | Lair:2   | 10969 ||| SWAPPING to +2 vampiric whip.
 10970 | Lair:2   | 10970 ||| INVOKING Berserk.
 10970 | Lair:2   | Killed a seven-headed hydra
 10975 | Lair:2   | 10975 ||| SWAPPING to +1 war axe.
 10999 | Lair:2   | Noticed a boulder beetle
 11013 | Lair:2   | Killed a boulder beetle
 11014 | Lair:2   | Reached skill level 13 in Axes
 11161 | Lair:2   | Found an ornate altar of the Wu Jian Council.
 11166 | Lair:2   | Found a hide-covered altar of Uskayaw.
 11234 | Lair:2   | 11234 ||| Stepping ~*~*~tactically~*~*~ (stealth).
 11236 | Lair:2   | 11236 ||| INVOKING Berserk.
 11250 | Lair:2   | Reached XP level 12. HP: 77/77 MP: 12/12
 11265 | Lair:2   | Reached skill level 9 in Armour
 11421 | Lair:2   | 11421 ||| Stepping ~*~*~tactically~*~*~ (stealth).
 11422 | Lair:2   | 11422 ||| Stepping ~*~*~tactically~*~*~ (stealth).
 11438 | Lair:2   | Found a staircase to the Snake Pit.
 11451 | Lair:2   | Noticed a six-headed hydra
 11452 | Lair:2   | 11452 ||| INVOKING Brothers in Arms.
 11455 | Lair:2   | 11455 ||| INVOKING Brothers in Arms.
 11456 | Lair:2   | 11456 ||| INVOKING Brothers in Arms.
 11458 | Lair:2   | 11458 ||| SWAPPING to +2 vampiric whip.
 11463 | Lair:2   | 11463 ||| INVOKING Berserk.
 11473 | Lair:2   | Killed a six-headed hydra
 11497 | Lair:2   | 11497 ||| SWAPPING to +1 war axe.
 11645 | Lair:2   | 11645 ||| READING scroll of enchant weapon.
 11645 | Lair:2   | 11645 ||| ENCHANTING +1 war axe.
 11684 | Lair:2   | Noticed a seven-headed hydra
 11685 | Lair:2   | 11685 ||| SWAPPING to +2 vampiric whip.
 11686 | Lair:2   | 11686 ||| INVOKING Berserk.
 11697 | Lair:2   | Killed a seven-headed hydra
 11698 | Lair:2   | Reached skill level 14 in Axes
 11713 | Lair:2   | 11713 ||| SWAPPING to +2 war axe.
 11828 | Lair:2   | 11828 ||| INVOKING Berserk.
 11999 | Lair:2   | Noticed a seven-headed hydra
 12002 | Lair:2   | 12002 ||| SWAPPING to +2 vampiric whip.
 12003 | Lair:2   | 12003 ||| INVOKING Berserk.
 12007 | Lair:2   | Killed a seven-headed hydra
 12011 | Lair:2   | 12011 ||| SWAPPING to +2 war axe.
 12235 | Lair:2   | 12235 ||| Stepping ~*~*~tactically~*~*~ (stealth).
 12250 | Lair:2   | 12250 ||| Stepping ~*~*~tactically~*~*~ (stealth).
 12295 | Lair:2   | 12295 ||| INVOKING Berserk.
 12424 | Lair:2   | 12424 ||| Stepping ~*~*~tactically~*~*~ (stealth).
 12450 | Lair:2   | Found the +8 whip "Snakebite" {venom, curare, rPois}
 12507 | Lair:2   | Noticed a four-headed hydra
 12508 | Lair:2   | Noticed a seven-headed hydra
 12510 | Lair:2   | 12510 ||| SWAPPING to +2 vampiric whip.
 12511 | Lair:2   | 12511 ||| INVOKING Berserk.
 12517 | Lair:2   | Killed a four-headed hydra
 12525 | Lair:2   | Killed a seven-headed hydra
 12543 | Lair:2   | 12543 ||| SWAPPING to +2 war axe.
 12935 | Lair:2   | 12935 ||| UPGRADING to +0 helmet.
 12982 | Lair:3   | Noticed a four-headed hydra
 12984 | Lair:3   | 12984 ||| SWAPPING to +2 vampiric whip.
 12985 | Lair:3   | 12985 ||| INVOKING Berserk.
 12990 | Lair:3   | Killed a four-headed hydra
 12995 | Lair:3   | 12995 ||| Stepping ~*~*~tactically~*~*~ (stealth).
 12996 | Lair:3   | 12996 ||| Stepping ~*~*~tactically~*~*~ (stealth).
 12997 | Lair:3   | 12997 ||| SWAPPING to +2 war axe.
 13107 | Lair:3   | 13107 ||| INVOKING Berserk.
 13321 | Lair:3   | 13321 ||| READING scroll of brand weapon.
 13321 | Lair:3   | 13321 ||| BRANDING +2 war axe.
 13356 | Lair:3   | 13356 ||| Stepping ~*~*~tactically~*~*~ (stealth).
 13408 | Lair:3   | 13408 ||| READING scroll of enchant weapon.
 13408 | Lair:3   | 13408 ||| ENCHANTING +2 war axe of chaos.
 13476 | Lair:3   | 13476 ||| Stepping ~*~*~tactically~*~*~ (stealth).
 13478 | Lair:3   | 13478 ||| Stepping ~*~*~tactically~*~*~ (stealth).
 13487 | Lair:3   | 13487 ||| Stepping ~*~*~tactically~*~*~ (stealth).
 13488 | Lair:3   | 13488 ||| Stepping ~*~*~tactically~*~*~ (stealth).
 13573 | Lair:3   | Reached XP level 13. HP: 80/84 MP: 13/13
 13640 | Lair:3   | 13640 ||| Stepping ~*~*~tactically~*~*~ (hiding).
 13821 | Lair:3   | 13821 ||| INVOKING Berserk.
 13948 | Lair:3   | 13948 ||| DROPPING +2 vampiric whip.
 14003 | Lair:3   | 14003 ||| Stepping ~*~*~tactically~*~*~ (stealth).
 14008 | Lair:3   | 14008 ||| INVOKING Berserk.
 14026 | Lair:3   | Reached skill level 15 in Axes
 14270 | Lair:3   | 14270 ||| SWAPPING to +0 morningstar.
 14271 | Lair:3   | 14271 ||| INVOKING Berserk.
 14274 | Lair:3   | HP: 29/126 [swamp worm (6)]
 14275 | Lair:3   | HP: 9/126 [six-headed hydra (9)]
 14276 | Lair:3   | Mangled by a swamp worm

Levels and vault maps discovered:
D:1:      evilmike_arrival_crescent, layout_basic,
          ebering_ecumenical_altar_mist, minmay_misc_feat_iff, minmay_surrounded
D:2:      layout_basic, basic_altar, serial_bayou, serial_bayou_lagoon_b,
          serial_bayou_ford_a, serial_bayou_pond_a, serial_bayou_crossing,
          hangedman_decor_clover_reticule
D:3:      layout_rooms, mainiacjoe_overflow_catwalk, zin_academy,
          minmay_hedge_maze, columned_hall_lemuel, uniq_natasha
D:4:      layout_rooms, kennysheep_little_box, minivault_24, minmay_liquid_box
D:5:      layout_gridville, minmay_temple_entry_waves
D:6:      minmay_chambers_of_threes, layout_basic, marbit_many_paths,
          kennysheep_mini_moat, st_stairs_2, uniq_menkaure
D:7:      layout_gridville, lemuel_crystal_altar, nicolae_ashenzari_skybound
D:8:      layout_rooms, erik_lair_island, gammafunk_ghost_hydra_chop,
          dk_vineyard_1
Lair:1:   layout_gridlike, gammafunk_ghost_split, st_stairs_6,
          grunt_megastairs_3
Lair:2:   minmay_guarded_unrand_snakebite, layout_regular_city,
          minmay_snake_entry_six_corridors, portal_ice_cave_entry_pillars_2,
          nicolae_quartered_pool_impasse, chequers_serial_rivers_micro_b,
          nzn_masters_of_martial_movement
Lair:3:   layout_loops_ring, palyth_hydra_swamp_entry,
          chequers_serial_rivers_large_b, chequers_serial_rivers_small_a,
          st_stairs_3

Skill      XL: |  1  2  3  4  5  6  7  8  9 10 11 12 13 |
---------------+----------------------------------------+-----
Axes           | 3 4 5 6 7 8 10 11 13 14 15 | 15.1
Fighting       | 4 5 6 7 9 10 11 | 11.0
Armour         | 3 4 6 7 8 10 | 10.0
Throwing       | 1 2 3 4 |  4.6
Dodging        | 2 3 4 |  4.2

Action                   |  1- 3 |  4- 6 |  7- 9 | 10-12 | 13-15 || total
-------------------------+-------+-------+-------+-------+-------++-------
Melee: Hand axe          |    72 |       |       |       |       ||    72
       War axe           |    39 |   145 |   197 |   290 |    29 ||   700
       Punch             |       |     1 |     2 |     4 |     2 ||     9
       Whip              |       |       |       |    71 |       ||    71
       Morningstar       |       |       |       |       |     5 ||     5
Throw: Javelin           |       |    11 |    24 |    48 |     5 ||    88
       Boomerang         |       |       |     2 |    16 |       ||    18
Invok: Berserk           |     3 |     4 |    10 |    19 |     3 ||    39
       Brothers in Arms  |       |       |       |     2 |       ||     2
  Use: Scroll            |     7 |     3 |     7 |     7 |       ||    24
       Potion            |     1 |     1 |     3 |     2 |       ||     7
 Stab: Distracted        |       |       |       |       |     1 ||     1
Armor: Animal skin       |    38 |    18 |       |       |       ||    56
       Chain mail        |       |    66 |       |       |       ||    66
       Plate armour      |       |     4 |   131 |   214 |    17 ||   366
Dodge: Dodged            |    75 |   112 |    83 |   172 |     9 ||   451
Block: Other             |       |       |    24 |    76 |     7 ||   107

Table legend:
 A = Non-vault XP
 B = Vault XP
 C = Vault XP percentage of total XP
 D = Non-vault monster count
 E = Vault monster count
 F = Vault count percentage of total count
                 A         B        C        D         E       F
            +---------+---------+-------+---------+---------+-------
      Total |   30455 |    5373 |  15.0 |     213 |      52 |  19.6
            +---------+---------+-------+---------+---------+-------
        D:1 |      31 |       8 |  20.5 |      18 |       5 |  21.7
        D:2 |      21 |       0 |   0.0 |      11 |       0 |   0.0
        D:3 |     157 |      35 |  18.2 |      29 |       1 |   3.3
        D:4 |     293 |       0 |   0.0 |      21 |       0 |   0.0
        D:5 |     328 |       0 |   0.0 |       6 |       0 |   0.0
        D:6 |     618 |     891 |  59.0 |      13 |      16 |  55.2
        D:7 |     659 |       0 |   0.0 |       6 |       0 |   0.0
        D:8 |     891 |     743 |  45.5 |      14 |       8 |  36.4
     Lair:1 |    9063 |     701 |   7.2 |      36 |       3 |   7.7
     Lair:2 |   11606 |    2694 |  18.8 |      35 |      18 |  34.0
     Lair:3 |    6788 |     301 |   4.2 |      24 |       1 |   4.0
            +---------+---------+-------+---------+---------+-------
